 Dungeon Crawl Stone Soup version 0.28-a0-1638-g9123634e07 (webtiles) character file.

Game seed: 1538789448040832999

2 hashsling the Chiller (level 1, -3/13 HPs)
             Began as a Human Wanderer on Jan 25, 2022.
             Frozen to death by an endoplasm (5 damage)
             ... on level 1 of the Dungeon.
             The game lasted 00:01:05 (43 turns).

hashsling the Chiller (Human Wanderer)                Turns: 43, Time: 00:01:06

Health: -3/13      AC:  3    Str: 15    XL:     1   Next: 44%
Magic:  3/4        EV: 11    Int: 12    God:
Gold:   10         SH:  0    Dex:  9    Spells: 5/6 levels left

rFire   . . .      SeeInvis .   a - +0 club
rCold   . . .      Faith    .   (no shield)
rNeg    . . .      Spirit   .   b - +0 leather armour
rPois   .          Reflect  .   (no helmet)
rElec   .          Harm     .   (no cloak)
rCorr   .          Rampage  .   (no gloves)
Will    .....                   (no boots)
Stlth   +.........              (no amulet)
HPRegen 0.04/turn               (no ring)
MPRegen 0.09/turn               (no ring)

@: no status effects
A: no striking features
a: no special abilities


You were on level 1 of the Dungeon.
You visited 1 branch of the dungeon, and saw 1 of its levels.

You collected 10 gold pieces.

Inventory:

Hand Weapons
 a - a +0 club (weapon)
Armour
 b - a +0 leather armour (worn)
Wands
 c - a wand of polymorph (7)


   Skills:
 + Level 0.2 Fighting
 + Level 0.2 Dodging
 - Level 1.0 Stealth
 - Level 3.0 Spellcasting
 + Level 1.1 Fire Magic
 + Level 4.0 Ice Magic
 - Level 1.0 Evocations


You had 5 spell levels left.
You knew the following spells:

 Your Spells              Type           Power      Damage    Failure   Level
a - Freeze                Ice            44%        1d6       6%          1

Your spell library contained the following spells:

 Spells                   Type           Power      Damage    Failure   Level
 Frozen Ramparts          Ice            22%        1d4       17%         3
 Foxfire                  Conj/Fire      12%        2x1d4     24%         1
 Conjure Flame            Conj/Fire      3%         6-21      58%         3
 Summon Ice Beast         Ice/Summ       6%         N/A       78%         4


Dungeon Overview and Level Annotations

Branches:
Dungeon (1/15)

Altars:


Message History

The ball python constricts you.
A hobgoblin comes into view.
The ball python bites you but does no damage.
The ball python constricts you.
You freeze the ball python.
You kill the ball python!
You barely miss the giant cockroach. The giant cockroach barely misses you.
You barely miss the giant cockroach. The giant cockroach bites you.
The giant cockroach bites you but does no damage.
You freeze the giant cockroach.
You kill the giant cockroach!
You hit the endoplasm.
The endoplasm is severely wounded.
The endoplasm freezes you.
You are frozen.
You are too injured to fight recklessly!
You are too injured to fight recklessly!
You are too injured to fight recklessly!
You are too injured to fight recklessly!
You hit the endoplasm but do no damage.
You punch the endoplasm, but do no damage.
The endoplasm is severely wounded.
The endoplasm closely misses you.
You hit the endoplasm but do no damage.
The endoplasm is severely wounded.
The endoplasm barely misses you.
The endoplasm hits you but does no damage.
You barely miss the endoplasm.
The endoplasm is severely wounded.
The endoplasm freezes you.
You are frozen.
* * * LOW HITPOINT WARNING * * *
You hit the endoplasm but do no damage.
The endoplasm is severely wounded.
The endoplasm barely misses you.
You hit the endoplasm.
The endoplasm is almost dead.
The endoplasm freezes you.
You are frozen.
You die...

#... .... ... #..
+.. #.. # #J#####
#.#.##.@...#
...........#
#.#.##.....###### #
###.........
#)###############
#................
##########.#######
##................(
#..........⌠.......


You could see an endoplasm.

Vanquished Creatures
  A ball python (D:1)
  A giant cockroach (D:1)
2 creatures vanquished.

Notes
Turn   | Place    | Note
-------+----------+-------------------------------------------
     0 | D:1      | hashsling the Human Wanderer began the quest for the Orb.
     0 | D:1      | hashsling set off with the following items: a +0 club, a +0
                  | leather armour, a wand of polymorph (7); and the following
                  | spells available to memorise: Freeze, Frozen Ramparts,
                  | Foxfire, Conjure Flame, Summon Ice Beast
     0 | D:1      | Reached XP level 1. HP: 13/13 MP: 4/4
     2 | D:1      | Learned a level 1 spell: Freeze
    43 | D:1      | Frozen to death by an endoplasm

Illustrated notes

Levels and vault maps discovered:
D:1:      dpeg_arrival_lava_temple_mockup, layout_basic,
          chequers_ecumenical_altar_island

Action                   || total
-------------------------++-------
Melee: Club              ||    10
       Punch             ||     1
 Cast: Freeze            ||     2
Armor: Leather armour    ||     4
Dodge: Dodged            ||     4

Table legend: (Time is in decaauts)
 A = Elapsed time spent in this place.
 B = Non-inter-level travel time spent in this place.
 C = Inter-level travel time spent in this place.
 D = Time resting spent in this place.
 E = Time spent auto-exploring this place.
 F = Levels seen in this place.
 G = Mean time per level.
                   A        B        C        D        E       F      G
               +--------+--------+--------+--------+--------+-----+--------+
         Total |     45 |     45 |      0 |      0 |     24 |   1 |   45.0 |
       Dungeon |     45 |     45 |      0 |      0 |     24 |   1 |   45.0 |
               +--------+--------+--------+--------+--------+-----+--------+

Top non-repeatable levels by time:
     D:1: 45 daAuts
